 Dungeon Crawl Stone Soup version 0.31.0-11-ge490571c62 (webtiles) character file.

Game seed: 2606660555830472371

1567 Curundu the Cleaver (level 8, -4/71 HPs)
             Began as a Minotaur Berserker on Jan 28, 2024.
             Was an Elder of Trog.
             Killed from afar by an electric eel (8 damage)
             ... with a bolt of electricity
             ... on level 7 of the Dungeon.
             The game lasted 00:13:21 (5624 turns).

Curundu the Cleaver (Minotaur Berserker)            Turns: 5624, Time: 00:13:21

Health: -4/71      AC: 15    Str: 25    XL:     8   Next: 59%
Magic:  7/7        EV: 10    Int:  4    God:    Trog [****..]
Gold:   310        SH:  0    Dex:  9    Spells: 7/7 levels left

rFire   . . .        g - +1 war axe (protect)
rCold   . . .        (no shield)
rNeg    . . .        q - +0 chain mail
rPois   .            (helmet restricted)
rElec   .            c - +0 cloak
rCorr   .            e - +1 pair of gloves
SInv    .            d - +0 pair of boots
Will    .....        (no amulet) Stlth
                     (no ring)
HPRegen 0.31/turn    (no ring)
MPRegen 0.10/turn

%: no passive effects
@: no status effects
A: horns 2, retaliatory headbutt
a: Renounce Religion, Berserk, Trog's Hand, Brothers in Arms


You were on level 7 of the Dungeon.
You worshipped Trog.
Trog was greatly pleased with you.
You visited 1 branch of the dungeon, and saw 7 of its levels.

You collected 310 gold pieces.

Inventory:

Hand Weapons
 f - a +2 hand axe of flaming
 g - a +1 war axe of protection (weapon)
Armour
 c - a +0 cloak (worn)
 d - a +0 pair of boots (worn)
 e - a +1 pair of gloves (worn)
 q - a +0 chain mail (worn)
Jewellery
 v - an amulet of magic regeneration
Scrolls
 a - a scroll of revelation
 b - 5 scrolls of identify
 m - 3 scrolls of fear
 n - a scroll of brand weapon
 s - 3 scrolls of poison
 w - a scroll of vulnerability
Potions
 h - 2 potions of lignification {unknown}
 i - 3 potions of curing {unknown}
 j - a potion of might {unknown}
 k - 2 potions of mutation {unknown}
 l - 2 potions of ambrosia
 o - a potion of enlightenment {unknown}
 p - a potion of attraction {unknown}
 r - a potion of haste {unknown}
 t - a potion of heal wounds {unknown}
 u - 2 potions of brilliance {unknown}


   Skills:
 + Level 6.3 Fighting
 + Level 9.9 Axes
 + Level 6.1 Armour
 + Level 4.6 Dodging
 + Level 0.8 Stealth


You had 7 spell levels left.
You didn't know any spells.
Your spell library was empty.

Dungeon Overview and Level Annotations

Branches:
Dungeon (7/15)             Temple (0/1) D:5

Altars:
Okawaru
Ru
Trog
Uskayaw

Shops:
D:1 (   D:5 *


Innate Abilities, Weirdness & Mutations

You have a pair of horns on your head.
You reflexively headbutt those who attack you in melee.


Message History

The water moccasin bites you but does no damage. x2
The electric eel shoots out a bolt of lightning at you!
The bolt of electricity hits the plant!
The plant begins to die.
The bolt of electricity hits the plant!
The plant begins to die.
The bolt of electricity hits you! The water moccasin closely misses you.
You hit the water moccasin.
You headbutt the water moccasin, but do no damage.
The water moccasin is severely wounded.
You hit the plant.
The plant begins to die.
You slash the plant! The water moccasin bites you!
* * * LOW HITPOINT WARNING * * *
The electric eel shoots out a bolt of lightning at you!
The bolt of electricity hits the plant! x2
The bolt of electricity hits you but does no damage.
You closely miss the water moccasin.
Your headbutt misses the water moccasin.
The water moccasin is severely wounded.
You hit the plant. x2; The water moccasin barely misses you.
The water moccasin bites you but does no damage.
A nearby plant withers and dies.
The electric eel shoots out a bolt of lightning at you!
The bolt of electricity hits the plant!
The plant begins to die.
The bolt of electricity hits the plant!
The bolt of electricity hits you.
* * * LOW HITPOINT WARNING * * *
The water moccasin closely misses you.
A nearby plant withers and dies. x2; The water moccasin closely misses you.
You furiously retaliate!
You headbutt the water moccasin!
You kill the water moccasin!
Trog accepts your kill.
Your Armour skill increases to level 6!
The electric eel shoots out a bolt of lightning at you!
The bolt of electricity hits you.
* * * LOW HITPOINT WARNING * * *
A nearby plant withers and dies.
The electric eel shoots out a bolt of lightning at you!
The bolt of electricity hits you!
* * * LOW HITPOINT WARNING * * *
The electric eel shoots out a bolt of lightning at you!
The bolt of electricity hits you!
You die...

#≈≈≈≈≈~.†...#...
≈≈≈≈≈S....###
###### #≈#≈.......#
#.....
####†~....#.#
#.####
#......####.# #.
#..#..## #.# #.
##....# #.# #.
###..# #[# #.
#.@#####.# #.
#........#########.
####...............
##.#############
###


You could see an electric eel.

Vanquished Creatures
  Sigmund (D:5)
  A water moccasin (D:7)
  2 ice beasts (D:7)
  2 black bears
  A centaur (D:5)
  A phantom (D:7)
  A bullfrog (D:6)
  A scorpion (D:4)
  2 howler monkeys
  An electric eel (D:7)
  4 bombardier beetles
  5 jellies
  2 hounds
  A gnoll (D:3)
  10 adders
  A shadow imp (D:7)
  A white imp (D:6)
  An adder zombie (D:2)
  3 dart slugs
  A ribbon worm (D:3)
  14 orcs
  12 ball pythons
  4 endoplasms
  3 giant cockroaches
  3 goblins
  8 hobgoblins
  8 jackals
  6 kobolds
  4 quokkas
  5 bats
  4 frilled lizards
  2 giant cockroach zombies (D:2)
  5 rats
120 creatures vanquished.

Notes
Turn   | Place    | Note
-------+----------+-------------------------------------------
     0 | D:1      | Curundu the Minotaur Berserker began the quest for the Orb.
     0 | D:1      | Reached XP level 1. HP: 19/19 MP: 0/0
    81 | D:1      | Reached XP level 2. HP: 19/27 MP: 1/1
    84 | D:1      | Reached skill level 4 in Axes
   131 | D:1      | Found Puikhlie's Antique Weapon Boutique.
   304 | D:1      | Reached ** piety under Trog
   305 | D:1      | Found a faded altar of an unknown god.
   364 | D:1      | Reached XP level 3. HP: 30/33 MP: 2/2
  1333 | D:2      | Reached XP level 4. HP: 32/41 MP: 3/3
  1746 | D:3      | Reached skill level 5 in Axes
  1919 | D:3      | Reached *** piety under Trog
  2153 | D:3      | Found an iron altar of Okawaru.
  2273 | D:3      | Reached XP level 5. HP: 43/47 MP: 4/4
  3208 | D:4      | Reached skill level 5 in Fighting
  3382 | D:4      | Reached skill level 6 in Axes
  3382 | D:4      | Reached XP level 6. HP: 52/56 MP: 5/5
  3560 | D:5      | Entered Level 5 of the Dungeon
  3665 | D:5      | Found a staircase to the Ecumenical Temple.
  3834 | D:5      | Found Vubauceg's Elemental Accessories.
  3837 | D:5      | Noticed Sigmund
  3864 | D:5      | Killed Sigmund
  3865 | D:5      | Reached skill level 7 in Axes
  3865 | D:5      | Reached XP level 7. HP: 34/61 MP: 6/6
  4691 | D:6      | Reached skill level 8 in Axes
  4787 | D:6      | Reached skill level 5 in Armour
  4828 | D:6      | Reached **** piety under Trog
  5074 | D:6      | Found a hide-covered altar of Uskayaw.
  5074 | D:6      | Found a sacrificial altar of Ru.
  5080 | D:6      | Reached XP level 8. HP: 63/70 MP: 7/7
  5444 | D:7      | Found a bloodstained altar of Trog.
  5473 | D:7      | Reached skill level 9 in Axes
  5619 | D:7      | HP: 2/71 [electric eel/bolt of electricity (15)]
  5624 | D:7      | Killed from afar by an electric eel

Illustrated notes

Levels and vault maps discovered:
D:1:      psy_arrival_dodecagon, layout_basic,
          nicolae_ecumenical_snake_handling, serial_shops,
          nicolae_shop_dealshenge, minmay_shallow_snake_nest
D:2:      layout_loops_corners, serial_undead, serial_undead_c, serial_undead_f,
          serial_undead_b, serial_undead_d
D:3:      layout_loops_ring, okawaru_altar_gauntlet_db, kennysheep_doodads,
          st_stairs_12
D:4:      layout_basic
D:5:      layout_rooms, minmay_temple_entry_statues_pillars,
          nicolae_elemental_shop, uniq_sigmund
D:6:      layout_loops_ring, nicolae_overflow_two_pavilions,
          minmay_fractal_squares_diagonal_5
D:7:      layout_loops_ring, mainiacjoe_overflow_chevrons, serial_shops,
          nicolae_shop_drivethru, chequers_big_river

Skill      XL: |  1  2  3  4  5  6  7  8 |
---------------+-------------------------+-----
Fighting       | 4 5 6 |  6.3
Axes           | 4 5 6 7 8 9 |  9.9
Dodging        | 3 4 |  4.6
Armour         | 3 5 6 |  6.1
Stealth        | |  0.8

Action                     |  1- 3 |  4- 6 |  7- 9 || total
---------------------------+-------+-------+-------++-------
  Melee: Hand axe          |    88 |    51 |       ||   139
         Headbutt          |    12 |    28 |    15 ||    55
         War axe           |       |    70 |    95 ||   165
         Punch             |       |       |     1 ||     1
 Invoke: Trog's Hand       |       |     1 |       ||     1
    Use: Scroll            |       |     7 |     6 ||    13
 Armour: Animal skin       |    64 |    36 |       ||   100
         Chain mail        |       |    62 |    92 ||   154
  Dodge: Dodged            |    82 |    75 |    41 ||   198
